Map: Proxima Station LE

Players

TRUE - Winner!

  • Race: Zerg Zerg
  • Spawn Location: 7:00

Optimus

  • Race: Terran Terran
  • Spawn Location: 1:00

Event: WCS Valencia 2017

VOD

Have the link to the VOD?

Description

Time

  • Played on: July 13, 2017, 12:28 p.m.
  • Length: 6:16

All games in this series

Show
View Real Time Build Order
Export as new Build Order

TRUE Zerg - Winner!

Build Orders: Pool First 

Get SALT Encoding   

  12  0:00  Drone  
  13  0:12  Overlord  
  13  0:17  Drone  
  14  0:30  Drone x2  
  14  0:34  Drone  
  17  0:45  Spawning Pool  
  17  0:47  Extractor  
  16  0:50  Drone  
  16  0:56  Drone  
  17  1:16  Hatchery  
  16  1:19  Drone  
  17  1:32  Queen  
  17  1:37  Zergling x2  
  17  1:39  Drone  
  21  1:47  Overlord  
  21  1:54  Metabolic Boost  
  21  2:00  Drone  
  22  2:05  Drone  
  23  2:11  Queen  
  23  2:15  Drone  
  26  2:22  Drone  
  27  2:28  Queen  
  29  2:34  Zergling x4  
  31  2:41  Overlord  
  31  2:44  Zergling x2  
  32  2:48  Zergling x2  
  33  2:51  Zergling x2  
  33  2:54  Zergling x2  
  33  2:55  Zergling x2  
  36  3:02  Zergling x4  
  36  3:10  Zergling x2  
  36  3:11  Zergling x2  
  37  3:21  Drone  
  37  3:22  Drone  
  37  3:23  Drone  
  37  3:26  Drone  
  37  3:27  Drone  
  42  3:32  Overlord  
  42  3:34  Drone  
  43  3:50  Evolution Chamber, Queen, Hatchery  
  43  3:51  Drone  
  44  3:55  Overlord  
  44  3:58  Drone  
  44  4:01  Drone  
  46  4:05  Drone  
  46  4:07  Drone  
  48  4:14  Queen  
  50  4:20  Zerg Ground Armor Level 1  
  50  4:25  Drone x2  
  50  4:26  Drone x2  
  50  4:27  Drone  
  50  4:28  Drone  
  56  4:32  Drone  
  56  4:37  Queen  
  59  4:39  Drone  
  59  4:44  Overlord  
  60  4:55  Overlord  
  60  5:01  Queen  
  60  5:04  Queen  
  60  5:06  Drone x6  
  71  5:07  Drone  
  71  5:08  Drone  
  71  5:13  Overlord  
  72  5:17  Queen  
  74  5:23  Drone x4  
  74  5:26  Overlord  
  74  5:28  Zergling x2  
  79  5:31  Zergling x4  
  79  5:33  Zergling x4  
  83  5:36  Zergling x4  
  83  5:37  Zergling x2  
  83  5:39  Zergling x2  
  89  5:47  Zergling x2  
  89  5:49  Zergling x4  
  94  5:50  Zergling x2  
  94  5:53  Zergling x2  
  94  5:54  Zergling x2  
  94  5:56  Overlord  
  94  5:57  Zergling x2  
Show
View Real Time Build Order
Export as new Build Order

Optimus Terran 

Build Orders:  

Get SALT Encoding   

  12  0:00  SCV  
  13  0:12  SCV  
  14  0:17  Supply Depot  
  14  0:24  SCV  
  15  0:39  SCV  
  15  0:40  Barracks  
  16  0:44  Refinery  
  16  0:51  SCV  
  17  0:59  Barracks  
  17  1:05  SCV  
  18  1:17  SCV  
  19  1:28  Reaper  
  19  1:29  Orbital Command  
  20  1:36  Barracks  
  20  1:42  Refinery  
  20  1:46  Reaper  
  21  1:55  Supply Depot  
  21  1:58  SCV  
  22  2:03  Reaper  
  23  2:17  SCV  
  23  2:18  Supply Depot, Reaper  
  25  2:24  Reaper  
  25  2:29  SCV  
  27  2:37  Reaper  
  27  2:41  SCV  
  29  2:52  Reaper  
  29  2:56  Reaper  
  31  3:00  Command Center  
  31  3:09  Reaper  
  32  3:15  SCV  
  31  3:24  Reaper  
  31  3:27  SCV, Factory  
  32  3:37  Reaper  
  32  3:39  SCV  
  34  3:47  Supply Depot, Reaper  
  35  3:51  SCV  
  35  3:52  Refinery  
  36  3:59  Reaper  
  37  4:03  SCV  
  38  4:13  Orbital Command  
  38  4:14  Refinery  
  38  4:16  SCV  
  39  4:17  Starport  
  39  4:22  Factory Reactor  
  39  4:28  SCV, Reaper  
  41  4:34  Reaper  
  42  4:38  SCV  
  42  4:40  SCV  
  42  4:43  Reaper  
  45  4:50  SCV, Supply Depot  
  45  4:52  SCV  
  47  5:00  Reaper  
  47  5:03  SCV, Medivac x2  
  47  5:04  SCV  
  54  5:09  Reaper  
  55  5:15  SCV  
  55  5:19  Command Center  
  55  5:21  Barracks Tech Lab  
  56  5:22  SCV  
  56  5:25  Supply Depot  
  57  5:32  Barracks Reactor  
  57  5:33  SCV  
  58  5:39  SCV  
  58  5:40  Marine  
  58  5:41  Barracks Reactor  
  60  5:45  SCV  
  60  5:49  Engineering Bay  
  61  5:50  Engineering Bay  
  61  5:53  SCV  
  62  5:57  Marine  
  63  6:07  Factory Reactor  
  63  6:08  Barracks  
  63  6:11  Barracks  
Tags
 
Add a new tag
Caveats
  • Supply blocks, unpowered buildings, or Contaminate may cause inaccurate times.
  • Supply counts are checked every 10 seconds.